 Dungeon Crawl Stone Soup version 0.29-a0-551-gffc1d7fb78 (webtiles) character file.

Game seed: 6125223194821586989

4 ytrimaz the Grave Robber (level 1, 0/13 HPs)
             Began as a Demonspawn Necromancer on June 6, 2022.
             Slain by a jackal (2 damage)
             ... on level 1 of the Dungeon.
             The game lasted 00:00:51 (348 turns).

ytrimaz the Grave Robber (Demonspawn Necromancer)    Turns: 348, Time: 00:00:52

Health: 0/13       AC:  2    Str:  8    XL:     1   Next: 58%
Magic:  0/3        EV: 12    Int: 16    God:
Gold:   0          SH:  0    Dex: 13    Spells: 3/4 levels left

rFire   . . .      SeeInvis .   (no weapon)
rCold   . . .      Faith    .   (no shield)
rNeg    . . .      Spirit   .   a - +0 robe
rPois   .          Reflect  .   (no helmet)
rElec   .          Harm     .   (no cloak)
rCorr   .          Rampage  .   (no gloves)
Will    .....                   (no boots)
Stlth   ++........              (no amulet)
HPRegen 0.04/turn               (no ring)
MPRegen 0.08/turn               (no ring)

@: no status effects
A: no striking features
a: no special abilities


You were on level 1 of the Dungeon.
You visited 1 branch of the dungeon, and saw 1 of its levels.

Inventory:

Armour
 a - a +0 robe (worn)
Scrolls
 c - a scroll of identify {unknown}
Potions
 b - a potion of magic


   Skills:
 - Level 1.7 Dodging
 - Level 1.7 Stealth
 - Level 2.0 Spellcasting
 + Level 4.7 Necromancy


You had 3 spell levels left.
You knew the following spells:

 Your Spells              Type           Power      Damage    Failure   Level
a - Necrotize             Necr           64%        1d7       3%          1

Your spell library contained the following spells:

 Spells                   Type           Power      Damage    Failure   Level
 Vampiric Draining        Necr           16%        2d7       9%          3
 Animate Dead             Necr           16%        N/A       30%         4
 Agony                    Necr           16%        N/A       63%         5


Dungeon Overview and Level Annotations

Branches:
Dungeon (1/15)

Altars:

Shops:
D:1 *


Message History

The jackal barely resists.
Your jackal skeleton bites the jackal but does no damage.
The jackal bites you but does no damage.
Your jackal skeleton bites the jackal.
You hit the jackal.
The jackal is moderately wounded.
The jackal bites you but does no damage.
The jackal bites you.
Your jackal skeleton bites the jackal.
A goblin comes into view. It is wielding a +0 club.
You barely miss the jackal.
The jackal is moderately wounded.
The jackal bites you.
Your jackal skeleton bites the jackal but does no damage.
You hit the jackal but do no damage.
The jackal is moderately wounded.
The jackal barely misses you.
Your jackal skeleton closely misses the jackal.
The jackal bites you but does no damage.
You hit the jackal but do no damage.
The jackal is moderately wounded.
Your jackal skeleton closely misses the jackal.
The jackal bites you.
You hit the jackal.
The jackal is heavily wounded.
Your jackal skeleton closely misses the jackal.
The jackal bites you.
* * * LOW HITPOINT WARNING * * *
The goblin hits your jackal skeleton with a +0 club.
The jackal bites you but does no damage.
Your jackal skeleton bites the jackal.
The jackal misses you.
You are too injured to fight recklessly!
Aiming: Necrotize (safe; 3% risk of failure)
Press: ? - help, Q - select action Shift-Dir - straight line, f - jackal, p - jackal
Aim: a jackal (severely wounded, chance to affect: 86%)
The jackal writhes in agony.
Your jackal skeleton barely misses the jackal.
The jackal barely misses you. Something hits your jackal skeleton.
The jackal attacks as you move away! The jackal bites you.
You die...

#......Z....#
#.....∩.....#
#.....Z.....#
#...........#
######...#######
...........g..Z.#
.......########.##
....... #hh#
....... ###@##
....... #....#
....... #.##.#
....... #.##.#
#.##.# #♣...#
♣♣..# ######..#
#....#..#


You could see 2 jackals and a friendly jackal skeleton.

Vanquished Creatures
  A bat (D:1)
  A jackal (D:1)
  A frilled lizard (D:1)
3 creatures vanquished.

Vanquished Creatures (collateral kills)
  An endoplasm (D:1)
1 creature vanquished.

Grand Total: 4 creatures vanquished

Notes
Turn   | Place    | Note
-------+----------+-------------------------------------------
     0 | D:1      | ytrimaz the Demonspawn Necromancer began the quest for the
                  | Orb.
     0 | D:1      | Reached XP level 1. HP: 13/13 MP: 3/3
    24 | D:1      | Found Elykepah's General Store.
   348 | D:1      | Slain by a jackal

Illustrated notes

Levels and vault maps discovered:
D:1:      sevenhm_arrival_forest_fort_small_6, layout_basic,
          basic_ecumenical_altar, serial_shops, shop,
          ebering_dispersal_statue_hall

Action                   || total
-------------------------++-------
Melee: Unarmed           ||     5
 Cast: Necrotize         ||    10
Armor: Robe              ||    12
Dodge: Dodged            ||    18

Table legend: (Time is in decaauts)
 A = Elapsed time spent in this place.
 B = Non-inter-level travel time spent in this place.
 C = Inter-level travel time spent in this place.
 D = Time resting spent in this place.
 E = Time spent auto-exploring this place.
 F = Levels seen in this place.
 G = Mean time per level.
                   A        B        C        D        E       F      G
               +--------+--------+--------+--------+--------+-----+--------+
         Total |    348 |    348 |      0 |      0 |    286 |   1 |  348.0 |
       Dungeon |    348 |    348 |      0 |      0 |    286 |   1 |  348.0 |
               +--------+--------+--------+--------+--------+-----+--------+

Top non-repeatable levels by time:
     D:1: 348 daAuts
